 Dungeon Crawl Stone Soup version 0.30.0-29-ga12c61a403 (webtiles) character file.

Game seed: 17343751115427409891

15873 Anandil the Fighter (level 12, -2/94 HPs)
             Began as a Demonspawn Air Elementalist on June 16, 2023.
             Was a Priest of Ru.
             Succumbed to a green very ugly thing's poison
             ... on level 10 of the Dungeon.
             The game lasted 00:23:06 (12670 turns).

Anandil the Fighter (Demonspawn Air Elementalist)  Turns: 12670, Time: 00:23:07

Health: -2/94      AC: 17    Str: 12    XL:     12   Next: 5%
Magic:  21/21      EV: 13    Int: 18    God:    Ru [***...]
Gold:   1026       SH:  0    Dex: 11    Spells: 20/23 levels left

rFire   + . .        u - +5 woodcutter's axe
rCold   . . .        (shield currently unavailable)
rNeg    + + .        B - +4 ring mail
rPois   +            (no helmet)
rElec   .            I - +2 cloak
rCorr   +            (gloves unavailable)
SInv    .            (no boots)
Will    .....        H - amulet of regeneration
Stlth   +            K - ring of Beveog Wask {Fire rPois rN++ rCorr Dex-3}
HPRegen 1.15/turn    E - +4 ring of protection
MPRegen 0.17/turn

%: no passive effects
@: lethally poisoned (-2 -> -98), unable to read, unable to drink
A: claws 3, hooves 1, ignite blood 2, powered by death 1, hated by all, no air
magic, no translocations magic, no transmutations magic, unskilled 1, weakness
stinger 1, cold resistance 1, inability to drink after injury 1, inability to
read after injury 1, MP-powered wands
a: Renounce Religion, Draw Out Power


You were on level 10 of the Dungeon.
You worshipped Ru.
Ru was most pleased with you.
You visited 2 branches of the dungeon, and saw 12 of its levels.

You collected 1578 gold pieces.
You spent 552 gold pieces at shops.

Inventory:

Hand Weapons
 n - the +10 falchion of Fetzetot {flame, Will+ Int+2}
   (You found it on level 2 of the Dungeon)

   Int:       It affects your intelligence (+2).
   Will:      It increases your willpower.
 u - the +5 woodcutter's axe (weapon)
   (You found it on level 3 of the Dungeon)
Missiles
 o - 13 poisoned darts
Armour
 B - a +4 ring mail (worn)
 I - a +2 cloak (worn)
 P - +0 acid dragon scales
Jewellery
 d - a +4 ring of protection
 i - a ring of poison resistance
 p - a ring of ice
 z - a ring of protection from cold
 E - a +4 ring of protection (right claw)
 H - an amulet of regeneration (around neck)
 K - the ring of Beveog Wask (left claw) {Fire rPois rN++ rCorr Dex-3}
   (You bought it in a shop on level 9 of the Dungeon)

   [ring of fire]

   It enhances your fire magic.
   Dex:       It affects your dexterity (-3).
   rF:        It protects you from fire.
   rC:        It makes you vulnerable to cold.
   rPois:     It protects you from poison.
   rN:        It greatly protects you from negative energy.
   rCorr:     It protects you from acid and corrosion.
Wands
 r - a wand of flame (55)
 t - a wand of mindburst (31)
 x - a wand of digging (14)
 y - a wand of roots (34)
Scrolls
 c - a scroll of noise
 f - 4 scrolls of vulnerability
 g - 5 scrolls of teleportation
 m - 6 scrolls of enchant weapon
 q - 2 scrolls of silence
 v - 2 scrolls of enchant armour
 A - a scroll of fog
 C - 6 scrolls of blinking
 F - 2 scrolls of immolation
 L - a scroll of poison {unknown}
 M - 4 scrolls of magic mapping {unknown}
 N - a scroll of amnesia {unknown}
Potions
 a - a potion of might {unknown}
 b - 3 potions of magic
 e - 3 potions of curing {unknown}
 h - 3 potions of mutation
 j - a potion of cancellation {unknown}
 k - a potion of haste
 l - a potion of lignification {unknown}
 s - a potion of attraction {unknown}
 w - a potion of flight {unknown}
 D - 2 potions of brilliance {unknown}
 G - 2 potions of berserk rage {unknown}
 J - 2 potions of degeneration {unknown}
 Q - a potion of resistance {unknown}


   Skills:
 + Level 8.5 Fighting
 - Level 0.5 Long Blades
 + Level 7.7 Axes
 + Level 5.8 Armour
 - Level 8.2 Dodging
 - Level 1.5 Stealth
 - Level 6.4 Spellcasting
 - Level 2.6 Conjurations
   Level 0.0 Air Magic


You had 20 spell levels left.
You knew the following spells:

 Your Spells              Type           Power      Damage    Failure   Level
a - Shock                 Conj/Air       40%        1d5       14%         1
b - Static Discharge      Conj/Air       20%        2-3/arc   21%         2

Your spell library contained the following spells:

 Spells                   Type           Power      Damage    Failure   Level
 Magic Dart               Conj           60%        1d6       8%          1
 Necrotise                Necr           20%        1d5       24%         1
 Vampiric Draining        Necr           5%         2d6       56%         3
 Agony                    Necr           5%         N/A       100%        5
 Fire Storm               Conj/Fire      7%         8d2       100%        9
 Shatter                  Erth           2%         3d6*      100%        9
 Summon Small Mammal      Summ           Unusable   N/A       N/A         1
 Call Imp                 Summ           Unusable   N/A       N/A         2
 Lesser Beckoning         Tloc           Unusable   N/A       N/A         2
 Mephitic Cloud           Conj/Pois/Air  Unusable   N/A       N/A         3
 Call Canine Familiar     Summ           Unusable   N/A       N/A         3
 Gell's Gravitas          Tloc           Unusable   N/A       N/A         3
 Summon Guardian Golem    Hex/Summ       Unusable   N/A       N/A         3
 Swiftness                Air            Unusable   N/A       N/A         3
 Teleport Other           Tloc           Unusable   N/A       N/A         3
 Airstrike                Air            Unusable   2d(1-17)  N/A         4
 Chain Lightning          Conj/Air       Unusable   3d6       N/A         9

Dungeon Overview and Level Annotations

Branches:
Dungeon (10/15)            Temple (0/1) D:5            Lair (2/5) D:10
  Swamp: Lair:2-3    Shoals: Lair:2-3     Snake: Lair:2-3    Spider: Lair:2-3
    Orc: D:9-12

Altars:
Ashenzari
Kikubaaqudgha
Nemelex Xobeh
Ru

Shops:
D:5 :   D:9 (=   D:10 :


Innate Abilities, Weirdness & Mutations

You have claws for hands.
You have large cloven feet.
Your demonic aura often causes spilled blood to erupt in flames.
You regenerate a little health from kills.
You are hated by all.
You cannot study or cast Air magic.
You cannot study or cast Translocations magic.
You cannot study or cast Transmutations magic.
You are somewhat unskilled. (-1 Apt)
You have a small tail.
Your flesh is cold resistant. (rC+)
You occasionally lose the ability to drink potions when taking damage.
You occasionally lose the ability to read scrolls when taking damage.
You expend magic power (3 MP) to strengthen your wands.


Message History

The harpy claws you! The harpy claws you but does no damage.
The harpy is engulfed in blazing flames.
You kill the harpy!
The deep elf zephyrmancer casts a spell.
The deep elf zephyrmancer blinks!
You see here a harpy corpse.
You slash the green very ugly thing!
The green very ugly thing is lightly wounded.
The green very ugly thing is engulfed in blazing flames.
The green very ugly thing tail-slaps you!
You feel threatened and lose the ability to read scrolls!
You feel threatened and lose the ability to drink potions!
* * * LOW HITPOINT WARNING * * *
You hit the green very ugly thing.
Your kick misses the green very ugly thing.
You tail-slap the green very ugly thing.
The green very ugly thing is moderately wounded.
The green very ugly thing is engulfed in blazing flames.
The green very ugly thing tail-slaps you but does no damage.
Unknown command.
You slash the green very ugly thing!
The green very ugly thing is heavily wounded.
The green very ugly thing is engulfed in blazing flames.
The green very ugly thing tail-slaps you but does no damage.
Unknown command.
You hit the green very ugly thing.
The green very ugly thing is severely wounded.
The green very ugly thing tail-slaps you but does no damage.
Unknown command.
You slash the green very ugly thing!
The green very ugly thing is severely wounded.
You feel less exhausted.
The green very ugly thing is engulfed in blazing flames.
The green very ugly thing tail-slaps you.
* * * LOW HITPOINT WARNING * * *
You are lethally poisoned!
The green very ugly thing poisons you!
You closely miss the green very ugly thing.
The green very ugly thing is almost dead.
You die...

..'....##..#####....#......######
..#.....#.##p=#######......#.....
..#######.#:"|##...#.......#.....
..##...##.#u:u#.##.#.......#.....
..##......####'###.#.......#.....
..##.......##e###.##.......######
..'........#H###...#............#
..##...##..#.##u.#..............#
..####'#####.u.#@..#.######.....#
...#.......#########.# #.....#
...'..........#......# #.....#
...#..).......#......# #.....#
#########'###'#......######.....#
.............†...#####...........
.............†...# #...........
.............>...# #...........
.................# #...........


You could see a green very ugly thing.

Vanquished Creatures
  A stone giant (D:10)
  2 boulder beetles (D:8)
  Pikel (D:5)
  A harpy (D:10)
  A deep elf pyromancer (D:9)
  A cyclops (D:8)
  Maurice (D:10)
  2 black mambas (Lair:1)
  2 cane toads (Lair:1)
  A rime drake (D:10)
  2 komodo dragons (Lair:1)
  A polar bear (D:10)
  3 trolls
  A hornet (D:10)
  Prince Ribbit (D:7)
  A shadow (D:10)
  A wraith (D:9)
  Eustachio (D:5)
  3 wyverns
  21 yaks
  A vampire mosquito (D:10)
  Menkaure (D:5)
  An acid dragon (D:10)
  Edmund (D:6)
  3 water moccasins
  2 orc warriors (D:8)
  6 ice beasts (D:10)
  3 black bears
  2 sky beasts (D:8)
  An ogre (D:4)
  5 centaurs
  2 wolves (D:10)
  A lemure (D:5)
  A phantom (D:5)
  2 kobold brigands (D:9)
  7 bullfrogs
  Blork the orc (D:5)
  2 scorpions
  11 wights
  3 killer bees (D:7)
  A howler monkey (D:7)
  2 hounds
  3 jellies
  Crazy Yiuf (D:5)
  Ijyb (D:3)
  4 orc wizards
  2 sleepcaps
  2 iguanas (D:4)
  6 adders
  4 gnolls (D:4)
  2 white imps
  An ufetubus (D:5)
  2 worms (D:3)
  23 orcs
  6 endoplasms
  A giant cockroach (D:2)
  7 hobgoblins
  3 quokkas
  7 ball pythons
  6 bats
  3 frilled lizards
  7 goblins
  13 kobolds
  5 rats
216 creatures vanquished.

Vanquished Creatures (others)
  A killer bee (D:7)
1 creature vanquished.

Grand Total: 217 creatures vanquished

Notes
Turn   | Place    | Note
-------+----------+-------------------------------------------
     0 | D:1      | Anandil the Demonspawn Air Elementalist began the quest for
                  | the Orb.
     0 | D:1      | Reached XP level 1. HP: 13/13 MP: 3/3
   578 | D:1      | Found a faded altar of an unknown god.
   686 | D:1      | Gained mutation: Your demonic aura sometimes causes spilled
                  | blood to erupt in flames. [demonic ancestry]
   686 | D:1      | Reached XP level 2. HP: 19/19 MP: 1/5
   865 | D:1      | Learned a level 2 spell: Static Discharge
  1530 | D:2      | Noticed a black bear
  1583 | D:2      | Killed a black bear
  1584 | D:2      | Discovered your monstrous ancestry.
  1584 | D:2      | Gained mutation: You have sharp fingernails. [demonic
                  | ancestry]
  1584 | D:2      | Reached XP level 3. HP: 21/24 MP: 0/7
  1584 | D:2      | Gained mutation: You have large cloven feet. [demonic
                  | ancestry]
  1584 | D:2      | Reached XP level 4. HP: 26/30 MP: 0/8
  1800 | D:2      | Identified the +10 falchion of Fetzetot {flame, Will+
                  | Int+2}
  2323 | D:3      | Found a sparkling altar of Nemelex Xobeh.
  2372 | D:3      | Noticed Ijyb
  2386 | D:3      | Killed Ijyb
  2387 | D:3      | Gained mutation: You have very sharp fingernails. [demonic
                  | ancestry]
  2387 | D:3      | Reached XP level 5. HP: 10/35 MP: 4/9
  2629 | D:3      | Found the +5 woodcutter's axe
  3426 | D:3      | Found a sacrificial altar of Ru.
  3593 | D:3      | Became a worshipper of Ru the Awakened
  3713 | D:4      | Found a broken altar of Ashenzari.
  3806 | D:4      | Reached XP level 6. HP: 8/41 MP: 9/11
  4175 | D:4      | You fall into a shaft and drop 1 floor!
  4175 | D:5      | Entered Level 5 of the Dungeon
  4487 | D:4      | Reached XP level 7. HP: 35/46 MP: 11/13
  4966 | D:4      | Gained mutation: You cannot study or cast Air magic. [Ru
                  | sacrifice]
  4966 | D:4      | Gained mutation: You cannot study or cast Transmutations
                  | magic. [Ru sacrifice]
  4966 | D:4      | Gained mutation: You cannot study or cast Translocations
                  | magic. [Ru sacrifice]
  4966 | D:4      | Reached * piety under Ru
  4981 | D:5      | Noticed Menkaure
  5278 | D:5      | Killed Menkaure
  5322 | D:5      | Reached skill level 5 in Dodging
  5322 | D:5      | Reached skill level 5 in Spellcasting
  5404 | D:5      | Noticed Pikel
  5424 | D:5      | Killed Pikel
  5425 | D:5      | Gained mutation: You have claws for hands. [demonic
                  | ancestry]
  5425 | D:5      | Reached XP level 8. HP: 16/52 MP: 14/17
  5662 | D:5      | Found a staircase to the Ecumenical Temple.
  5674 | D:5      | Noticed Eustachio
  5699 | D:5      | Killed Eustachio
  5866 | D:5      | Noticed Blork the orc
  5876 | D:5      | Killed Blork the orc
  5905 | D:5      | Found Wysaucs's Book Boutique.
  6144 | D:5      | Found a runed translucent door.
  6145 | D:5      | Noticed Crazy Yiuf
  6152 | D:5      | Killed Crazy Yiuf
  6153 | D:5      | Gained mutation: You regenerate a little health from kills.
                  | [demonic ancestry]
  6153 | D:5      | Reached XP level 9. HP: 38/57 MP: 19/19
  6463 | D:6      | Noticed Edmund
  6471 | D:6      | Killed Edmund
  6472 | D:6      | Reached skill level 1 in Fighting
  6472 | D:6      | Reached skill level 1 in Axes
  6757 | D:6      | Found an ancient bone altar of Kikubaaqudgha.
  7872 | D:7      | Identified the +10 mace "Adghus" {heavy, rPois rC++}
  7887 | D:7      | Noticed Prince Ribbit
  7889 | D:7      | Killed Prince Ribbit
  8260 | D:8      | Gained mutation: You are hated by all. [Ru sacrifice]
  8260 | D:8      | Reached ** piety under Ru
  8485 | D:8      | Identified the +3 leather armour of Life {+Inv rElec Str-3}
  8518 | D:8      | Gained mutation: Your demonic aura often causes spilled
                  | blood to erupt in flames. [demonic ancestry]
  8518 | D:8      | Reached XP level 10. HP: 60/73 MP: 20/20
  8775 | D:9      | Found Jijoed Umets's Jewellery Boutique.
  8792 | D:9      | Noticed a boulder beetle
  8793 | D:9      | Noticed a cyclops
  8793 | D:9      | Noticed a deep elf pyromancer
  8793 | D:9      | Noticed a boulder beetle
  8816 | D:8      | Killed a cyclops
  8817 | D:8      | Reached skill level 5 in Fighting
  9044 | D:8      | Killed a boulder beetle
  9146 | D:8      | Killed a boulder beetle
  9147 | D:8      | Reached skill level 5 in Axes
  9279 | D:9      | Killed a deep elf pyromancer
  9280 | D:9      | Reached skill level 1 in Armour
  9668 | D:9      | Found Wuklyll's Weapon Boutique.
  9668 | D:9      | Noticed a +0 lajatang
  9668 | D:9      | Noticed a +0 demon trident
  9918 | D:10     | Entered Level 10 of the Dungeon
  9965 | D:10     | Gained mutation: You have a small tail. [demonic ancestry]
  9965 | D:10     | Reached XP level 11. HP: 78/84 MP: 21/21
  9978 | D:10     | Found a staircase to the Lair.
 10042 | D:10     | Noticed Maurice
 10113 | D:10     | Killed Maurice
 10231 | D:10     | Found Yrox's Book Boutique.
 10244 | D:10     | Gained mutation: You are somewhat unskilled. (-1 Apt) [Ru
                  | sacrifice]
 10244 | D:10     | Reached *** piety under Ru
 10899 | Lair:1   | Entered Level 1 of the Lair of Beasts
 11406 | Lair:1   | Reached skill level 5 in Armour
 12155 | Lair:2   | Identified a scroll of acquirement
 12156 | Lair:2   | Acquired 1035 gold pieces
 12284 | D:9      | Bought the ring of Beveog Wask {Fire rPois rN++ rCorr
                  | Dex-3} for 552 gold pieces
 12413 | D:10     | Noticed a green very ugly thing
 12413 | D:10     | Noticed a deep elf zephyrmancer
 12413 | D:10     | Noticed a boulder beetle
 12414 | D:10     | Found a runed translucent door.
 12416 | D:10     | Identified the ring "Jash" {rElec rC+++ Str+6 Dex-5 Slay+2}
 12416 | D:10     | Noticed a deep elf zephyrmancer
 12416 | D:10     | Noticed a necromancer
 12416 | D:10     | Noticed a stone giant
 12416 | D:10     | Noticed a harpy
 12654 | D:10     | Gained mutation: You occasionally lose the ability to read
                  | scrolls when taking damage. [potion of mutation]
 12654 | D:10     | Gained mutation: You expend magic power (3 MP) to
                  | strengthen your wands. [potion of mutation]
 12654 | D:10     | Gained mutation: You occasionally lose the ability to drink
                  | potions when taking damage. [potion of mutation]
 12654 | D:10     | Gained mutation: Your flesh is cold resistant. (rC+)
                  | [potion of mutation]
 12655 | D:10     | Killed a stone giant
 12656 | D:10     | Reached XP level 12. HP: 39/94 MP: 21/21
 12670 | D:10     | Succumbed to a green very ugly thing's poison

Illustrated notes

Levels and vault maps discovered:
D:1:      saegor_arrival_simple_c, layout_basic, shapermc_ecumenical_altar_gd,
          st_stairs_1
D:2:      layout_basic
D:3:      layout_basic, mainiacjoe_overflow_cross_hatched,
          mainiacjoe_overflow_swirl, uniq_ijyb
D:4:      layout_gridville, evilmike_ruin_ashenzari, mrwooster_statue_mirror
D:5:      layout_rooms, minmay_temple_entry_wispy, serial_shops, shop,
          uniq_blork_the_orc, uniq_crazy_yiuf_cottage, uniq_menkaure,
          uniq_eustachio, uniq_pikel
D:6:      layout_cave_pools, lemuel_crystal_altar, bh_walls_and_bars,
          uniq_edmund
D:7:      layout_loops_cross, minmay_misc_feat_five, uniq_prince_ribbit1
D:8:      layout_loops_ring, nicolae_overflow_crystal_walls, due_unseen_surprise
D:9:      layout_long_grid, serial_shops, nicolae_shop_behind_doors,
          nicolae_shop_mannequins, minmay_radiant
D:10:     minmay_gate_of_8, layout_gridville, hellmonk_lair_entry_icy,
          serial_shops, nicolae_shop_stone, kennysheep_generic_room_11,
          uniq_maurice
Lair:1:   layout_cave_shapes, lemuel_fruit_tree, infiniplex_staircase_pool_2,
          grunt_megastairs_1
Lair:2:   layout_cave_pods

Skill      XL: |  1  2  3  4  5  6  7  8  9 10 11 |
---------------+----------------------------------+-----
Dodging        | 2 3 6 7 8 9 8 |  8.2
Conjurations   | 2 3 2 |  2.6
Air Magic      | 3 4 0 |  0.0
Spellcasting   | 3 4 6 7 6 |  6.4
Fighting       | 4 7 8 |  8.5
Axes           | 4 6 7 |  7.7
Armour         | 3 5 |  5.8
Long Blades    | |  0.5
Stealth        | |  1.5

Action                     |  1- 3 |  4- 6 |  7- 9 | 10-12 || total
---------------------------+-------+-------+-------+-------++-------
  Melee: Short sword       |    18 |     4 |       |       ||    22
         Falchion          |       |    32 |       |       ||    32
         Kick              |       |    10 |    52 |   120 ||   182
         Battleaxe         |       |    65 |   231 |   311 ||   607
         Tailslap          |       |       |       |    34 ||    34
   Cast: Shock             |    37 |     3 |       |       ||    40
         Static Discharge  |     1 |     2 |       |       ||     3
 Invoke: Sacrifice Arcana  |       |       |     1 |       ||     1
         Sacrifice Love    |       |       |     1 |       ||     1
         Draw Out Power    |       |       |       |     1 ||     1
         Sacrifice Skill   |       |       |       |     1 ||     1
  Evoke: Wand              |       |       |     3 |     1 ||     4
    Use: Scroll            |       |       |     6 |     5 ||    11
         Potion            |       |       |       |     2 ||     2
   Stab: Sleeping          |       |     6 |       |       ||     6
         Invisible         |       |       |       |     2 ||     2
         Distracted        |       |       |       |     1 ||     1
 Armour: Robe              |     6 |     8 |       |       ||    14
         Ring mail         |       |    11 |   135 |   171 ||   317
  Dodge: Dodged            |    28 |    69 |   161 |   175 ||   433
